cohdb
Replays
Latest Replays
All Replays
Popular Replays
Top Player Replays
Match Explorer
How It Works
Community
CoH3 Stats
Reddit
Sign in to upload your games and track your stats! →
Sign in with Steam
Match 41325562
Unlisted
Match 41325562
Overview
Messages
Build Orders
End
Construct Section Command Post
Royal Engineer Section
Dingo Light Scout Car
Infantry Section
Selects Canadian Shock Battlegroup
Infantry Section
Grenade Package
Construct Platoon Command Post
Selects Incendiary Munitions
Humber Armored Car
Selects Attacking Spirit
Selects Canadian Shock Section
Canadian Shock Section
Unlock M3 Stuart Light Tanks
6-pounder Anti-tank Gun Team
M3 Stuart Light Tank
Infantry Section
Infantry Section
Infantry Training
Selects Pyrotechnics
coledj0408
S.W.A
Razarak
trump2029
0
0
Comments
sign in to comment!
No comments posted yet!